 Dungeon Crawl Stone Soup version 0.23.0 (webtiles) character file.

Game seed: 17200729084488980514

37 Gargoyl the Skirmisher (level 3, -20/46 HPs)
             Began as a Centaur Abyssal Knight on Feb 12, 2019.
             Was a Follower of Lugonu.
             Killed from afar by a kobold (22 damage)
             ... with an exploding inner flame
             ... hexed by the player character
             ... on level 1 of the Dungeon.
             The game lasted 00:01:47 (1237 turns).

Gargoyl the Skirmisher (Centaur Abyssal Knight)     Turns: 1237, Time: 00:01:48

Health: -20/46     AC: 21    Str: 14    XL:     3   Next: 21%
Magic:  4/4        EV:  1    Int: 11    God:    Lugonu [*.....]
Gold:   75         SH:  0    Dex:  9    Spells: 2/2 levels left

rFire    . . .     SeeInvis .   a - +1 hand axe
rCold    . . .     Gourm    .   (no shield)
rNeg     + + +     Faith    .   (armour currently unavailable)
rPois    +         Spirit   .   (helmet currently unavailable)
rElec    .         Reflect  .   (cloak currently unavailable)
rCorr    .         Harm     .   (gloves currently unavailable)
MR       .....     NoTele   +   (no barding)
Stlth    +.........             (no amulet)
HPRegen  0.15/turn              (no ring)
MPRegen  0.09/turn              (no ring)

@: tree-form, hasted, very quick
A: large
a: Depart the Abyss, Renounce Religion


You were on level 1 of the Dungeon.
You worshipped Lugonu.
Lugonu was aware of your devotion.
You were not hungry.
You were a tree.
You visited 1 branch of the dungeon, and saw 2 of its levels.
You visited the Abyss 1 time.

You collected 75 gold pieces.

Inventory:

Hand Weapons
 a - a +1 hand axe (weapon)
Armour
 e - a +0 helmet (melded)
 i - a +0 cloak (melded)
 k - a cursed +0 chain mail (melded)
Scrolls
 d - 2 scrolls of identify
 f - a scroll of enchant armour
Potions
 j - a potion of lignification
Comestibles
 c - 3 rations


   Skills:
 + Level 3.3 Fighting
 + Level 2.1 Axes
 * Level 1.8 Armour
 * Level 1.1 Dodging
 * Level 2.2 Invocations


You had 2 spell levels left.
You didn't know any spells.
Your spell library was empty.

Dungeon Overview and Level Annotations

Branches:
Dungeon (2/15)

Altars:


Innate Abilities, Weirdness & Mutations

((You have hooves in place of feet.))
((Armour fits poorly on your strangely shaped body.))
((You cover ground very quickly.))
((You have extremely tough skin. (AC +3)))


Message History

The bat hits you but does no damage. x3
As you read the scroll labeled XUOLIO ROVI, it crumbles to dust.
The creatures around you are filled with an inner flame!
It was a scroll of immolation.
The bat hits you but does no damage. x2
The kobold hits you but does no damage.
Okay, then.
Okay, then.
Okay, then.
Okay, then.
You hit the worm.
The worm is severely wounded.
You barely miss the kobold. The bat hits you but does no damage.
The worm bites you but does no damage. The kobold hits you but does no damage.
Unknown command.
You hit the worm.
The worm is severely wounded.
You hit the kobold.
The kobold explodes!
The fiery explosion engulfs you!!
You die...

#.######..###.#.......##
#.# #...###...........
#.# #.................
#.# #...........###.##
#.# #...........# #.#
#.# #...........# #.#
#.#####..........## #.#
#....§§§.b.......# #.#
#######♣w.###....# #.#
#.b.# #....# #.# #...#
###.## #.##
#...#####.#####.).
######...........#
#...........#
#.........(..
#............
#............


You could see a worm (inner flame) and 2 bats.

Vanquished Creatures
  A leopard gecko (D:1)
  A giant cockroach (D:1)
  6 goblins
  3 jackals (D:1)
  3 kobolds (D:1)
  2 quokkas (D:2)
  4 bats (D:1)
  15 frilled lizards (D:1)
  A rat (D:1)
36 creatures vanquished.

Notes
Turn   | Place    | Note
-------+----------+-------------------------------------------
     0 | Abyss:1  | Gargoyl the Centaur Abyssal Knight began the quest for the
                  | Orb.
     0 | Abyss:1  | Reached XP level 1. HP: 19/19 MP: 2/2
    99 | Abyss:1  | Noticed a neqoxec
   100 | Abyss:1  | Noticed a lich
   102 | Abyss:1  | Noticed an iron imp
   102 | Abyss:1  | Noticed a crimson imp
   103 | Abyss:1  | Noticed a neqoxec
   104 | D:1      | Escaped the Abyss
   276 | D:1      | Reached * piety under Lugonu
   396 | D:1      | Reached XP level 2. HP: 26/26 MP: 3/3
   495 | D:1      | Reached skill level 1 in Dodging
   962 | D:1      | Reached XP level 3. HP: 29/31 MP: 4/4
  1233 | D:1      | HP: 1/46 [worm (2)]
  1237 | D:1      | Killed from afar by a kobold

Skill      XL: |  1  2 |
---------------+-------+-----
Axes           | 2 |  2.1
Dodging        | 1 |  1.1
Fighting       | |  3.3
Armour         | |  1.8
Invocations    | |  2.2

Action                   || total
-------------------------++-------
Melee: Hand axe          ||    69
       Kick              ||     4
Invok: Depart the Abyss  ||     1
  Use: Scroll            ||     3
       Potion            ||     2
Armor: Leather armour    ||    20
       Chain mail        ||    53
       Skin              ||    27
Dodge: Dodged            ||    34
